 Dungeon Crawl Stone Soup version 0.16-a0-4112-g89a4107 (webtiles) character file.

35350 Qrupt the Grappler (level 13, 0/135 (137) HPs)
             Began as a Troll Monk on Feb 26, 2015.
             Was an Elder of Ru.
             Slain by a seven-headed hydra (5 damage)
             ... on level 8 of the Lair of Beasts on Feb 27, 2015.
             The game lasted 01:25:50 (16404 turns).

Qrupt the Grappler (Troll Monk)                    Turns: 16404, Time: 01:25:51

HP:   0/135 (137)   AC:  6    Str: 31    XL:     13   Next: 47%
MP:   0/5           EV: 16    Int:  4    God:    Ru [****..]
Gold: 859           SH:  0    Dex: 16    Spells: 0 memorised, 12 levels left

rFire  + . .     SeeInvis +     m - +4 giant spiked club (crush)
rCold  . . .     Clarity  .     Z - +0 robe {rF+}
rNeg   . . .     SustAb   .     (shield restricted)
rPois  .         Gourm    +     (helmet restricted)
rElec  +         Spirit   +     s - +0 cloak
rCorr  .         Warding  .     (gloves unavailable)
rMut   .         Stasis   .     (boots unavailable)
MR     .....                    C - amulet of guardian spirit
Stlth  ..........               f - ring "Threim" {rElec Str+4 SInv}
                                c - +5 ring of strength

@: not resistant to hostile enchantments, extremely unstealthy
A: unfitting armour, claws 3, dopey 1, fast metabolism 3, gourmand, regeneration
2, shaggy fur 1, tough skin 2, no stealth, hated by all, magic vulnerability 1,
inexperienced 1
a: Draw Out Power, Power Leap, Renounce Religion


You were on level 8 of the Lair of Beasts.
You worshipped Ru.
Ru was greatly pleased with you.
You were very full.

You visited 4 branches of the dungeon, and saw 21 of its levels.
You also visited: Sewer and Volcano.

You collected 1382 gold pieces.
You spent 523 gold pieces at shops.

Inventory:

Hand weapons
 m - a +4 giant spiked club of crushing (weapon)
Missiles
 W - 4 large rocks (quivered)
Armour
 s - a +0 cloak (worn)
 Z - a +0 robe of fire resistance (worn)
Magical staves
 X - an uncursed staff of cold {unknown}
Jewellery
 c - a +5 ring of strength (left claw)
 f - the ring "Threim" (right claw) {rElec Str+4 SInv}
   (You bought it in a shop on level 1 of the Orcish Mines)

   [ring of see invisible]

   It affects your strength (+4).
   It insulates you from electricity.
   It enhances your eyesight.
 C - an amulet of guardian spirit (around neck)
 T - an uncursed amulet of faith
Magical devices
 q - a wand of disintegration (20)
 B - a wand of paralysis (6)
 K - a wand of digging (16)
 O - a wand of flame (7)
 U - a wand of random effects (15)
 Y - a wand of fireball (3)
Scrolls
 g - a scroll of amnesia
 j - 6 scrolls of identify
 l - a scroll of recharging
 n - 3 scrolls of magic mapping
 p - a scroll of enchant weapon
 r - 3 scrolls of teleportation
 u - 2 scrolls of fear
 v - 2 scrolls of blinking
 w - 2 scrolls of remove curse
 D - a scroll of fog
 S - 2 scrolls of enchant armour
Potions
 d - 6 potions of restore abilities
 e - a potion of haste
 h - 3 potions of poison
 k - 7 potions of curing
 o - a potion of magic
 x - 2 potions of berserk rage
 z - 2 potions of agility
 A - 2 potions of resistance
 J - 2 potions of heal wounds
 M - a potion of lignification
Books
 F - a book of Air

   Spells                             Type                      Level
   a - Shock                          Conjuration/Air              1
   b - Swiftness                      Charms/Air                   2
   c - Repel Missiles                 Charms/Air                   2
   d - Flight                         Charms/Air                   3
   e - Static Discharge               Conjuration/Air              3
   f - Lightning Bolt                 Conjuration/Air              5
 H - a book of Callings

   Spells                             Type                      Level
   a - Summon Small Mammal            Summoning                    1
   b - Call Imp                       Summoning                    2
   c - Call Canine Familiar           Summoning                    3
   d - Summon Guardian Golem          Hexes/Summoning              4
   e - Summon Lightning Spire         Summoning/Air                4
   f - Summon Ice Beast               Ice/Summoning                4
 L - a book of Summonings

   Spells                             Type                      Level
   a - Abjuration                     Summoning                    3
   b - Recall                         Summoning/Translocation      3
   c - Shadow Creatures               Summoning                    5
   d - Summon Demon                   Summoning                    5
   e - Summon Forest                  Summoning/Translocation      5
   f - Monstrous Menagerie            Summoning                    6
Comestibles
 b - 6 meat rations
 i - 5 beef jerkies
 t - 5 bread rations
 G - 13 fruits
 I - a royal jelly
 R - 2 slices of pizza


   Skills:
 - Level 11.3 Fighting
 + Level 4.4 Maces & Flails
 - Level 7.7 Throwing
 - Level 10.2 Dodging
 - Level 13.2 Unarmed Combat


You had 12 spell levels left.
You didn't know any spells.

Dungeon Overview and Level Annotations

Branches:
Dungeon (9/15)             Temple (1/1) D:6            Lair (8/8) D:9
 Shoals (0/5) Lair:6        Snake (0/5) Lair:4          Orc (3/4) D:9
  Slime: Lair:6-8       Elf: Orc:3-4

Altars:
Ashenzari
Cheibriados
Dithmenos
Elyvilon
Fedhas
Gozag
Kikubaaqudgha
Makhleb
Nemelex Xobeh
Okawaru
Qazlal
Ru
Sif Muna
Trog
Vehumet
Xom
Yredelemnul
Zin
The Shining One
Beogh

Shops:
D:6 ?   Orc:1 =   Orc:2 ?

Annotations:
Lair:1 exclusion: 3 oklob plants
Orc:3 Nessos


Innate Abilities, Weirdness & Mutations

You are too large for most types of armour.
You have claws for hands.
You are dopey. (Int -2)
Your metabolism is lightning-fast.
You like to eat raw meat.
You heal very quickly.
You are covered in fur (AC +1).
You have very tough skin (AC +2).
You cannot be stealthy.
You are hated by all.
You are slightly vulnerable to magic.
You are somewhat inexperienced (-2 XL).


Message History

The seven-headed hydra is moderately wounded.
The seven-headed hydra bites you! x2
* * * LOW HITPOINT WARNING * * *
The seven-headed hydra bites you!
* * * LOW HITPOINT WARNING * * *
The seven-headed hydra bites you!
* * * LOW HITPOINT WARNING * * *
The seven-headed hydra completely misses you.
The seven-headed hydra misses you. The seven-headed hydra bites you!
* * * LOW HITPOINT WARNING * * *
You focus your will and illuminate the seven-headed hydra in retribution!
The river rat is stunned by your will and fails to attack.
The seven-headed hydra bites you but does no damage.
The seven-headed hydra misses you.
The seven-headed hydra closely misses you.
The seven-headed hydra bites you!
* * * LOW HITPOINT WARNING * * *
The seven-headed hydra barely misses you.
The seven-headed hydra bites you.
You die...

.. . ... .P .....
.... ...... .....
......# .P....
...P... #......
.....P.D#r.......
#@........
.................
...............
...............
.....PPP...+...
.....PP###. .
....### .. ...


You could see a seven-headed hydra and a river rat.

Vanquished Creatures
  4 hydras
  A centaur warrior (Volcano)
  The ghost of WhatIsLove the Destroyer, an experienced CeCj of Vehumet (D:9)
  An orc high priest (Orc:2)
  A fire crab (Lair:7)
  A hill giant (D:8)
  10 elephants
  4 black mambas
  2 fire drakes
  8 spiny frogs
  A yaktaur (Volcano)
  8 komodo dragons
  16 blink frogs
  2 basilisks
  21 yaks
  3 fire bats (Lair:7)
  A hungry ghost (D:8)
  Eustachio (D:4)
  A deep elf fighter (D:9)
  Grum (D:9)
  A wyvern (Lair:7)
  A warg (Orc:2)
  7 wolves
  11 hippogriffs
  Edmund (D:4)
  13 water moccasins
  2 ice beasts
  11 orc warriors
  4 nagas (Lair:4)
  6 porcupines
  3 sky beasts
  An eye of draining (D:8)
  3 phantoms
  5 necrophages (Lair:2)
  2 black bears
  6 ogres
  A wasp (D:8)
  12 crocodiles
  2 big kobolds
  4 centaurs
  Duvessa (Orc:1)
  A boring beetle (Lair:4)
  20 giant frogs
  Blork the orc (D:5)
  2 scorpions (D:6)
  14 killer bees
  An electric eel (Lair:2)
  8 wights
  Dowan (Orc:1)
  5 crimson imps
  A goliath beetle (D:6)
  2 jellies
  2 giant frog zombies
  A wasp zombie (D:8)
  5 iguanas
  A centaur zombie (D:5)
  8 orc wizards
  11 orc priests
  A giant frog skeleton (D:5)
  10 hounds
  14 hell rats
  6 worker ants
  2 hound zombies
  A hound skeleton (D:4)
  2 worker ant zombies (D:5)
  108 river rats
  21 adders
  A giant mite (D:5)
  5 shadow imps
  3 adder skeletons
  73 orcs
  28 bats
  A bat skeleton (D:6)
  4 giant cockroaches
  13 goblins
  18 hobgoblins
  7 jackals
  22 kobolds
  12 quokkas
  8 giant geckos
  3 giant newts
  A giant spore (D:8)
  A hobgoblin zombie (D:8)
  A jackal skeleton (D:4)
  2 kobold zombies (D:8)
  A quokka zombie (D:6)
  40 rats
  10 ballistomycetes
  3 plants
691 creatures vanquished.

Vanquished Creatures (others)
  Psyche (Orc:1)
  A goliath beetle (D:7)
  A kobold (D:8)
  A giant spore (D:9)
  A rat (Lair:2)
  2 fungi
  3 plants
10 creatures vanquished.

Grand Total: 701 creatures vanquished

Notes
Turn   | Place    | Note
--------------------------------------------------------------
     0 | D:1      | Qrupt, the Troll Monk, began the quest for the Orb.
     0 | D:1      | Reached XP level 1. HP: 22/22 MP: 1/1
   143 | D:1      | Reached XP level 2. HP: 29/29 MP: 1/1
   654 | D:2      | Reached skill level 5 in Unarmed Combat
   654 | D:2      | Reached XP level 3. HP: 36/36 MP: 2/2
   844 | D:2      | Found a shimmering altar of Xom.
   854 | D:2      | Found a shimmering altar of Xom.
   855 | D:2      | Found a shimmering altar of Xom.
   855 | D:2      | Found a shimmering altar of Xom.
  1043 | D:2      | Found a glowing golden altar of the Shining One.
  1449 | D:3      | Reached XP level 4. HP: 37/44 MP: 2/2
  1731 | D:3      | Reached skill level 6 in Unarmed Combat
  1941 | D:4      | Noticed Eustachio
  2018 | D:4      | Noticed a phantom
  2021 | D:4      | Reached XP level 5. HP: 50/50 MP: 2/2
  2052 | D:4      | Killed a phantom
  2052 | D:4      | Reached skill level 7 in Unarmed Combat
  2134 | D:4      | Noticed an ogre
  2152 | D:4      | Killed an ogre
  2152 | D:4      | Reached XP level 6. HP: 29/59 MP: 3/3
  2298 | D:4      | Noticed Edmund
  2336 | D:4      | Killed Edmund
  2336 | D:4      | Reached skill level 8 in Unarmed Combat
  2449 | D:4      | Killed Eustachio
  2449 | D:4      | Reached XP level 7. HP: 45/66 MP: 3/3
  2685 | D:4      | Reached skill level 9 in Unarmed Combat
  2940 | D:5      | Entered Level 5 of the Dungeon
  2960 | D:5      | Noticed Blork the orc
  2970 | D:5      | Killed Blork the orc
  3008 | D:5      | Found a glowing drain.
  3025 | Sewer    | Entered a sewer
  3113 | Sewer    | Found a white marble altar of Elyvilon.
  3269 | D:5      | Reached skill level 10 in Unarmed Combat
  3295 | D:5      | Reached XP level 8. HP: 74/74 MP: 3/3
  3603 | D:5      | Reached skill level 11 in Unarmed Combat
  4011 | D:6      | Found a shattered altar of Ashenzari.
  4067 | D:6      | Found a blossoming altar of Fedhas.
  4127 | D:6      | Found Kuapaus' Magic Scroll Shop.
  4147 | D:6      | Bought a scroll of blinking for 82 gold pieces
  4332 | D:6      | Reached skill level 12 in Unarmed Combat
  4372 | D:6      | Found a staircase to the Ecumenical Temple.
  4411 | Temple   | Entered the Ecumenical Temple
  4431 | Temple   | Became a worshipper of Ru the Awakened
  4433 | Temple   | Gained mutation: You are hated by all. [Ru sacrifice]
  4433 | Temple   | Acquired Ru's first power
  4632 | D:6      | Reached XP level 9. HP: 80/80 MP: 4/4
  5182 | D:7      | Reached skill level 13 in Unarmed Combat
  5275 | D:7      | Found a bloodstained altar of Trog.
  5300 | D:7      | Found an opulent altar of Gozag.
  5300 | D:7      | Found a shadowy altar of Dithmenos.
  5381 | D:7      | Found a snail-covered altar of Cheibriados.
  5386 | D:7      | Found an ancient bone altar of Kikubaaqudgha.
  5912 | D:8      | Reached skill level 5 in Dodging
  6030 | D:8      | Reached XP level 10. HP: 74/88 MP: 4/4
  6136 | D:8      | Gained mutation: You are somewhat inexperienced (-2 XL). [Ru sacrifice]
  6136 | D:8      | Reached XP level 9. HP: 55/80 MP: 3/4
  6136 | D:8      | Reached XP level 8. HP: 55/74 MP: 3/3
  6136 | D:8      | Acquired Ru's second power
  6262 | D:8      | Noticed a hill giant
  6267 | D:8      | Killed a hill giant
  6534 | D:9      | Noticed WhatIsLove's ghost (experienced CeCj)
  6535 | D:9      | Reached XP level 9. HP: 80/80 MP: 4/4
  6581 | D:9      | Found a staircase to the Orcish Mines.
  6828 | D:9      | Found a sacrificial altar of Ru.
  6928 | D:9      | Noticed Grum
  6935 | D:9      | Killed WhatIsLove's ghost
  6945 | D:9      | Killed Grum
  6960 | D:9      | Reached XP level 10. HP: 61/94 MP: 3/4
  7056 | D:9      | Reached skill level 5 in Fighting
  7119 | D:9      | Found a staircase to the Lair.
  7327 | Orc:1    | Entered Level 1 of the Orcish Mines
  7329 | Orc:1    | Noticed Psyche
  7334 | Orc:1    | Paralysed by Psyche for 6 turns
  7337 | Orc:1    | Killed Psyche
  7352 | Orc:1    | Noticed Duvessa
  7355 | Orc:1    | Noticed Dowan
  7356 | Orc:1    | Killed Duvessa
  7362 | Orc:1    | Killed Dowan
  7366 | Orc:1    | Found Ucolia Guas' Jewellery Shop.
  7382 | Orc:1    | Gained mutation: You cannot be stealthy. [Ru sacrifice]
  7643 | Orc:2    | Found Migew's Magic Scroll Emporium.
  7664 | Orc:2    | Bought a scroll of identify for 30 gold pieces
  7677 | Orc:1    | Bought the ring "Threim" {rElec Str+4 SInv} for 411 gold pieces
  7894 | Orc:2    | Noticed an orc high priest
  7913 | Orc:2    | Noticed a sun demon
  7931 | Orc:2    | Killed an orc high priest
  8059 | Orc:2    | Found a roughly hewn altar of Beogh.
  8420 | Orc:3    | Noticed Nessos
  8517 | Lair:1   | Entered Level 1 of the Lair of Beasts
  8690 | Lair:1   | Noticed an oklob plant
  8732 | Lair:1   | Reached XP level 11. HP: 51/111 MP: 2/4
  8897 | Lair:1   | Noticed an oklob plant
  8973 | Lair:1   | Gained mutation: You are dopey. (Int -2) [Ru sacrifice]
  8973 | Lair:1   | Acquired Ru's third power
  9179 | Lair:1   | Noticed an oklob plant
  9692 | Lair:2   | Reached skill level 10 in Fighting
 10459 | Lair:3   | Noticed a four-headed hydra
 10904 | Lair:3   | Reached XP level 12. HP: 52/128 MP: 3/5
 11347 | Lair:3   | Killed a five-headed hydra
 11907 | Lair:4   | Found a staircase to the Snake Pit.
 11958 | Lair:4   | Upgraded the game from 0.16-a0-4108-g6e49b0d to 0.16-a0-4112-g89a4107
 11964 | Lair:3   | HP: 6/128 [poisoned by a naga (splash of poison)]
 11969 | Lair:3   | HP: 4/128 [poisoned by a naga (splash of poison)]
 11975 | Lair:3   | HP: 5/128 [poisoned by a naga (splash of poison)]
 11980 | Lair:3   | HP: 5/128 [poisoned by a naga (splash of poison)]
 12316 | Lair:4   | Reached skill level 5 in Throwing
 12505 | Lair:4   | Noticed a four-headed hydra
 12513 | Lair:4   | Killed an eight-headed hydra
 13744 | Lair:5   | Noticed a four-headed hydra
 13748 | Lair:5   | Killed a four-headed hydra
 13871 | Lair:5   | Noticed a seven-headed hydra
 14078 | Lair:5   | Killed a ten-headed hydra
 14341 | Lair:6   | Found a staircase to the Shoals.
 14356 | Lair:6   | Reached XP level 13. HP: 109/135 MP: 4/5
 14893 | Lair:6   | Found a deep blue altar of Sif Muna.
 15242 | Lair:7   | Reached skill level 10 in Dodging
 15243 | Lair:7   | Found a dark tunnel.
 15370 | Volcano  | Entered a volcano
 15632 | Lair:7   | Reached skill level 1 in Maces & Flails
 15834 | Lair:7   | Gained mutation: You are slightly vulnerable to magic. [Ru sacrifice]
 15834 | Lair:7   | Acquired Ru's fourth power
 16390 | Lair:8   | Entered Level 8 of the Lair of Beasts
 16404 | Lair:8   | HP: 5/135 [seven-headed hydra (11)]
 16404 | Lair:8   | Slain by a seven-headed hydra

Action                   |  1- 3 |  4- 6 |  7- 9 | 10-12 | 13-15 || total
-------------------------+-------+-------+-------+-------+-------++-------
Melee: Unarmed           |    81 |   128 |   458 |   920 |   239 ||  1826
       Giant spiked club |       |       |       |       |     2 ||     2
Throw: Large rock        |       |       |       |     8 |       ||     8
Invok: Sacrifice Love    |       |       |     1 |       |       ||     1
       Sacrifice Experie |       |       |     1 |       |       ||     1
       Sacrifice Stealth |       |       |       |     1 |       ||     1
       Draw Out Power    |       |       |       |     2 |       ||     2
       Sacrifice Purity  |       |       |       |     1 |       ||     1
       Sacrifice Essence |       |       |       |       |     1 ||     1
Evoke: Wand              |       |       |       |    20 |     1 ||    21
  Use: Scroll            |       |     8 |       |    10 |    11 ||    29
       Potion            |       |     2 |     1 |     3 |       ||     6
 Stab: Sleeping          |     3 |     4 |     1 |       |       ||     8
       Distracted        |       |       |       |     5 |       ||     5
       Invisible         |       |       |       |     9 |       ||     9
  Eat: Chunk             |    17 |    11 |    35 |    65 |    23 ||   151
       Pizza             |       |       |     1 |       |       ||     1
       Fruit             |       |       |       |     2 |       ||     2
